 Dungeon Crawl Stone Soup version 0.31.0-11-ge490571c62 (webtiles) character file.

Game seed: 2728717677020428019

181 qw the Shooter (level 5, -3/26 HPs)
             Began as a Spriggan Hunter on Feb 4, 2024.
             Slain by an orc
             ... wielding a +0 short sword
              (4 damage)
             ... on level 4 of the Dungeon.
             The game lasted 00:00:10 (2452 turns).

qw the Shooter (Spriggan Hunter)                    Turns: 2452, Time: 00:00:10

Health: -3/26      AC:  2    Str: 13    XL:     5   Next: 34%
Magic:  6/6        EV: 20    Int: 11    God:
Gold:   197        SH:  0    Dex: 20    Spells: 4/4 levels left

rFire   . . .        a - +1 shortbow
rCold   . . .        (shield currently unavailable)
rNeg    . . .        c - +0 robe
rPois   .            (helmet restricted)
rElec   +            (no cloak)
rCorr   .            (gloves unavailable)
SInv    +            (boots unavailable)
Will    .....        (no amulet)
Stlth   +++          f - ring of protection from fire
HPRegen 0.24/turn    i - ring "Romibliu" {rElec rF- Str+6 Stlth+}
MPRegen 0.10/turn

%: no passive effects
@: very quick
A: very small, no large weapons, unfitting armour, see invisible, speed 3
a: no special abilities


You were on level 4 of the Dungeon.
You visited 1 branch of the dungeon, and saw 4 of its levels.

You collected 197 gold pieces.


Innate Abilities, Weirdness & Mutations

You are very small and have problems with some larger weapons.
You are too small for most types of armour.
You have supernaturally acute eyesight. (SInv)
You cover ground extremely quickly. (Speed+++)


   Skills:
 - Level 2.0 Fighting
 + Level 5.4 Ranged Weapons
 - Level 5.3 Dodging
 - Level 1.5 Stealth


You had 4 spell levels left.
You didn't know any spells.
Your spell library was empty.

Inventory:

Hand Weapons
 a - a +1 shortbow (weapon)
Armour
 c - a +0 robe (worn)
Jewellery
 f - a ring of protection from fire (left hand)
 i - the ring "Romibliu" (right hand) {rElec rF- Str+6 Stlth+}
   (You found it on level 2 of the Dungeon)

   [ring of strength]

   Str+6:     It affects your strength (+6).
   rF-:       It makes you vulnerable to fire.
   rElec:     It insulates you from electricity.
   Stlth+:    It makes you more stealthy.
Potions
 e - a potion of curing
 g - a potion of haste {unknown}
 h - a potion of invisibility {unknown}
 j - a potion of resistance {unknown}
 k - a potion of lignification {unknown}
 l - a potion of ambrosia {unknown}
 m - a potion of enlightenment {unknown}

Dungeon Overview and Level Annotations

Branches:
Dungeon (4/15)
 Temple: D:4-7

Altars:


Message History

The endoplasm misses you.
You shoot an arrow. The arrow closely misses the orc.
The orc barely misses you. The endoplasm misses you.
You shoot an arrow. The arrow hits the orc!
You kill the orc!
The endoplasm freezes you.
You are frozen.
The orc closely misses you.
You shoot an arrow. The arrow hits the endoplasm!
You kill the endoplasm!
An endoplasm comes into view.
The orc misses you.
An orc priest comes into view. It is wielding a +0 hand axe.
The orc hits you with a +0 club.
You shoot an arrow.
The arrow closely misses the orc priest.
An orc comes into view. It is wielding a +0 short sword.
The orc barely misses you. The orc priest misses you.
You shoot an arrow.
The arrow closely misses the orc priest.
The orc closely misses you. The orc priest misses you.
You shoot an arrow.
The arrow closely misses the orc priest.
The orc misses you.
The orc priest looks braver for a moment.
You shoot an arrow.
The arrow closely misses the orc priest.
The orc barely misses you. The orc closely misses you.
The orc priest misses you.
You shoot an arrow. The arrow barely misses the orc priest.
The orc closely misses you. The orc hits you with a +0 club.
The orc priest mumbles some strange prayers to Beogh against you.
Beogh smites you!
Ouch! That really hurt!
You shoot an arrow. The arrow hits the orc priest!
The orc priest is severely wounded.
The orc misses you. The orc barely misses you.
An orc priest comes into view. It is wielding a +0 mace.
You shoot an arrow. The arrow barely misses the orc priest.
The orc hits you with a +0 short sword.
You die...

....# ...# ...#
#..# #..# #..#
.######..#
.......o<#
.......@.#
#######ooo.....
#J.#####. ...#
....# ?##.# #.
#.# #. ..


You could see 2 orc priests, 2 orcs and an endoplasm.

Vanquished Creatures
  A hound (D:4)
  An orc wizard (D:3)
  Robin (D:2)
  An adder (D:3)
  3 dart slugs
  A ribbon worm (D:2)
  8 orcs
  6 endoplasms
  2 giant cockroaches (D:1)
  12 goblins
  12 hobgoblins
  4 jackals (D:2)
  4 kobolds
  2 quokkas
  5 ball pythons
  8 bats
  6 frilled lizards
  8 rats
85 creatures vanquished.

Notes
Turn   | Place    | Note
-------+----------+-------------------------------------------
     0 | D:1      | qw the Spriggan Hunter began the quest for the Orb.
     0 | D:1      | Reached XP level 1. HP: 10/10 MP: 2/2
     0 | D:1      | 0 ||| qw: Version: 0.3-a-160-g6735b56
     0 | D:1      | 0 ||| qw: Game counter: 4674
     0 | D:1      | 0 ||| qw: Melee chars always use a shield: true
     0 | D:1      | 0 ||| qw: God list: Okawaru
     0 | D:1      | 0 ||| qw: Allow faded altars: false
     0 | D:1      | 0 ||| qw: Do Orc after clearing Dungeon:15 true
     0 | D:1      | 0 ||| qw: Do second Lair branch before Depths: true
     0 | D:1      | 0 ||| qw: Lair rune preference: random
     0 | D:1      | 0 ||| qw: Goals: Normal
     0 | D:1      | 0 ||| PLANNING D:1-11
    36 | D:1      | Reached skill level 3 in Dodging
    59 | D:1      | Reached XP level 2. HP: 14/14 MP: 3/3
   556 | D:1      | Reached XP level 3. HP: 18/18 MP: 4/4
   611 | D:1      | Found a faded altar of an unknown god.
   661 | D:1      | 661 ||| READING 2 scrolls labelled TUEPLAUKKUE.
   661 | D:1      | 661 ||| IDENTIFYING sedimented yellow potion
   662 | D:1      | 662 ||| READING scroll of identify.
   662 | D:1      | 662 ||| IDENTIFYING sapphire potion
   663 | D:1      | 663 ||| READING scroll labelled KINAIF PYHUDGH.
   663 | D:1      | 663 ||| ENCHANTING +0 shortbow.
   664 | D:1      | 664 ||| READING scroll labelled LERIAZ VYGUAMUAKH.
   765 | D:1      | 765 ||| READING scroll labelled RANIKE RIAH.
   766 | D:1      | 766 ||| DROPPING scroll of butterflies.
   767 | D:1      | 767 ||| DROPPING potion of degeneration.
   943 | D:2      | Identified the ring "Romibliu" {rElec rF- Str+6 Stlth+}
  1055 | D:2      | Noticed Robin
  1073 | D:2      | Killed Robin
  1082 | D:2      | HP: 3/18 [hobgoblin[Robin] (5)]
  1206 | D:2      | Reached XP level 4. HP: 22/22 MP: 5/5
  1662 | D:2      | 1662 ||| UPGRADING to ring of protection from fire.
  1663 | D:2      | 1663 ||| UPGRADING to ring "Romibliu" {rElec rF- Str+6
                  | Stlth+}.
  1664 | D:2      | 1664 ||| READING scroll labelled YDYSCH ICUBI.
  1665 | D:2      | 1665 ||| READING scroll labelled YTRUOPYIFU.
  1714 | D:3      | 1714 ||| STAIRDANCE
  1719 | D:3      | 1719 ||| STAIRDANCE
  1725 | D:3      | 1725 ||| STAIRDANCE
  1848 | D:3      | HP: 3/22 [hobgoblin (4)]
  1849 | D:3      | 1849 ||| READING scroll of teleportation.
  2076 | D:3      | Reached XP level 5. HP: 20/26 MP: 6/6
  2409 | D:3      | 2409 ||| READING scroll of identify.
  2409 | D:3      | 2409 ||| IDENTIFYING bubbling pink potion
  2410 | D:3      | 2410 ||| READING scroll labelled YKHA MITALOUSO.
  2411 | D:3      | 2411 ||| READING scroll labelled KOBOIP GOELENLO.
  2412 | D:3      | 2412 ||| DROPPING potion of magic.
  2450 | D:4      | HP: 1/26 [orc priest/divine providence (13)]
  2452 | D:4      | Slain by an orc

Levels and vault maps discovered:
D:1:      orjb1_clovarrival, layout_loops_cross,
          shapermc_ecumenical_altar_mp_vishouse, nicolae_figureground_sparkle
D:2:      layout_loops_ring, grunt_ministairs_14, grunt_decor_fettered,
          chequers_serial_rivers_small_3, uniq_robin
D:3:      layout_loops_ring, minmay_misc_feat_doors,
          chequers_serial_rivers_small_b
D:4:      layout_loops_ring

Skill      XL: |  1  2  3  4 |
---------------+-------------+-----
Dodging        | 3 4 5 |  5.3
Ranged Weapons | 5 |  5.4
Fighting       | 2 |  2.0
Stealth        | |  1.5

Action                     |  1- 3 |  4- 6 || total
---------------------------+-------+-------++-------
   Fire: Shortbow          |   129 |   102 ||   231
    Use: Scroll            |     5 |     6 ||    11
 Armour: Robe              |    15 |    19 ||    34
  Dodge: Dodged            |    64 |    68 ||   132

Table legend:
 A = Non-vault XP
 B = Vault XP
 C = Vault XP percentage of total XP
 D = Non-vault monster count
 E = Vault monster count
 F = Vault count percentage of total count
                 A         B        C        D         E       F
            +---------+---------+-------+---------+---------+-------
      Total |     224 |      35 |  13.5 |      75 |      10 |  11.8
            +---------+---------+-------+---------+---------+-------
        D:1 |      41 |       0 |   0.0 |      24 |       0 |   0.0
        D:2 |      45 |      35 |  43.8 |      25 |      10 |  28.6
        D:3 |      90 |       0 |   0.0 |      23 |       0 |   0.0
        D:4 |      48 |       0 |   0.0 |       3 |       0 |   0.0
            +---------+---------+-------+---------+---------+-------
